 Dungeon Crawl Stone Soup version 0.27.1-34-g3ba077fa99 (webtiles) character file.

Game seed: 11327121199905264964

6019 boopmooplesden the Carver (level 10, -6/86 HPs)
             Began as a Minotaur Fighter on Jan 6, 2022.
             Was a High Priest of Okawaru.
             Killed from afar by a gargoyle (28 damage)
             ... with a stone arrow
             ... on level 10 of the Dungeon.
             The game lasted 00:14:03 (9831 turns).

boopmooplesden the Carver (Minotaur Fighter)        Turns: 9831, Time: 00:14:03

Health: -6/86      AC: 15    Str: 30    XL:     10   Next: 56%
Magic:  9/9        EV: 14    Int:  6    God:    Okawaru [*****.]
Gold:   78         SH: 12    Dex:  8    Spells: 9/9 levels left

rFire    . . .     SeeInvis .   a - +2 long sword (vorpal)
rCold    + + .     Faith    +   c - +0 kite shield
rNeg     . . .     Spirit   .   b - +0 scale mail
rPois    .         Reflect  .   (helmet restricted)
rElec    .         Harm     .   (no cloak)
rCorr    .         Rampage  .   g - +2 pair of gloves
Will     +....                  u - +2 pair of boots of the Seven of Swords {Str+3}
Stlth    +.........             d - amulet of the Will of the Gods {Faith rC++ Str+4 Dex-2 Stlth+}
HPRegen  0.24/turn              f - +4 ring of evasion
MPRegen  0.11/turn              y - ring of willpower

@: no status effects
A: horns 2, retaliatory headbutt, talons 1, deterioration 1
a: Renounce Religion, Heroism, Finesse


You were on level 10 of the Dungeon.
You worshipped Okawaru.
Okawaru was extremely pleased with you.
You visited 1 branch of the dungeon, and saw 10 of its levels.

You collected 418 gold pieces.
You spent 340 gold pieces at shops.

Inventory:

Hand Weapons
 a - a +2 vorpal long sword (weapon)
 A - a +3 long sword
Missiles
 r - 6 boomerangs (quivered)
Armour
 b - a +0 scale mail (worn)
 c - a +0 kite shield (worn)
 g - a +2 pair of gloves (worn)
 u - the +2 pair of boots of the Seven of Swords (worn) {Str+3}
   (You bought it in a shop on level 4 of the Dungeon)

   Str:       It affects your strength (+3).
 x - the +1 robe "Ejelan" {Will+ Regen+ Dex-4}
   (You found it on level 7 of the Dungeon)

   Dex:       It affects your dexterity (-4).
   Regen:     It increases your rate of health regeneration.
   Will:      It increases your willpower.
Jewellery
 d - the amulet of the Will of the Gods (around neck) {Faith rC++ Str+4 Dex-2 Stlth+}
   (You acquired it on level 6 of the Dungeon)

   [amulet of faith]

   It allows you to gain divine favour quickly.
   Str:       It affects your strength (+4).
   Dex:       It affects your dexterity (-2).
   rC:        It greatly protects you from cold.
   Stlth:     It makes you more stealthy.
 f - a +4 ring of evasion (left hand)
 h - a ring of positive energy
 q - a ring of see invisible
 y - a ring of willpower (right hand)
 z - a ring of resist corrosion
 B - the amulet of Temperance {Faith rCorr}
   (You found it on level 8 of the Dungeon)

   [amulet of faith]

   It allows you to gain divine favour quickly.
   rCorr:     It protects you from acid and corrosion.
 G - an amulet of magic regeneration
Wands
 e - a wand of polymorph (10)
 o - a wand of digging (6)
 t - a wand of iceblast (3)
 w - a wand of flame (42)
Scrolls
 k - 3 scrolls of fog
 l - a scroll of amnesia
 p - 2 scrolls of noise
 D - a scroll of blinking
 E - 2 scrolls of teleportation
Potions
 i - 7 potions of mutation
 j - 2 potions of lignification
 m - a potion of resistance
 C - 2 potions of flight


   Skills:
 + Level 7.0 Fighting
 + Level 11.2 Long Blades
 + Level 2.0 Throwing
 + Level 10.2 Armour
 + Level 4.6 Dodging
 + Level 1.9 Stealth
 + Level 9.2 Shields
 + Level 0.2 Invocations


You had 9 spell levels left.
You didn't know any spells.
Your spell library contained the following spells:

 Spells                   Type           Power      Damage    Failure   Level
 Freeze                   Ice            0%         1d3       88%         1
 Call Canine Familiar     Summ           0%         N/A       99%         3
 Dazzling Flash           Conj/Hex       0%         N/A       99%         3
 Frozen Ramparts          Ice            0%         1d2       99%         3
 Portal Projectile        Hex/Tloc       0%         N/A       99%         3
 Hailstorm                Conj/Ice       0%         3d3       100%        4
 Leda's Liquefaction      Hex/Erth       0%         N/A       100%        4
 Agony                    Necr           0%         N/A       100%        5
 Silence                  Hex/Air        0%         N/A       100%        5


Dungeon Overview and Level Annotations

Branches:
Dungeon (10/15)            Temple (0/1) D:6             Orc (0/2) D:9
   Lair: D:8-11

Altars:
Dithmenos
Elyvilon
Gozag
Nemelex Xobeh
Okawaru
Sif Muna
Wu Jian
Xom
Beogh

Shops:
D:4 :(=[!


Innate Abilities, Weirdness & Mutations

You have a pair of horns on your head.
You reflexively headbutt those who attack you in melee.
You have sharp toenails.
Your body sometimes deteriorates upon taking damage.


Message History

You are engulfed in a cloud of scalding steam.
You hit the gargoyle but do no damage.
You are engulfed in a cloud of scalding steam.
You block the gargoyle's attack.
You hit the gargoyle but do no damage. Your headbutt misses the gargoyle.
You are engulfed in a cloud of scalding steam.
You block the gargoyle's attack.
You barely miss the gargoyle.
You are engulfed in a cloud of scalding steam.
You block the gargoyle's attack.
You hit the gargoyle but do no damage.
The gargoyle hits you but does no damage.
You slash the gargoyle!
You headbutt the gargoyle, but do no damage.
The gargoyle is moderately damaged.
The gargoyle closely misses you.
You riposte.
You closely miss the gargoyle.
The gargoyle is moderately damaged.
You hit the gargoyle but do no damage.
The gargoyle is moderately damaged.
The gargoyle hurls a stone arrow at you.
The stone arrow hits you!
You hit the gargoyle.
The gargoyle is heavily damaged.
You block the gargoyle's attack.
You hit the gargoyle but do no damage.
The gargoyle is heavily damaged.
You block the gargoyle's attack.
You hit the gargoyle.
The gargoyle is severely damaged.
The gargoyle hurls a stone arrow at you.
The stone arrow hits you!!
* * * LOW HITPOINT WARNING * * *
You hit the gargoyle but do no damage. You headbutt the gargoyle!
The gargoyle is almost destroyed.
You block the gargoyle's attack.
You closely miss the gargoyle.
The gargoyle is almost destroyed.
The gargoyle hurls a stone arrow at you.
The stone arrow hits you!!
You die...

. #######. ##.......
########## ........#
#@9......#
#......###.#......#
#......##..#......#
#......##.##......♣
#.........##.....♣.≈
#...[..#####....≈.9≈.
#......# #....≈≈D≈≈
#....<.# ###...≈≈≈
####.###


You could see a gargoyle.

Vanquished Creatures
  A two-headed ogre (D:9)
  A gargoyle (D:10)
  A kobold demonologist (D:10)
  A komodo dragon (D:8)
  A wyvern (D:9)
  7 yaks (D:9)
  2 steam dragons
  Menkaure (D:5)
  2 water moccasins (D:7)
  2 sky beasts
  2 ice beasts
  2 ogres
  A necrophage (D:8)
  3 centaurs
  2 bullfrogs
  2 kobold brigands
  A gnoll sergeant (D:9)
  3 scorpions
  A wyvern zombie (D:5)
  12 wights
  A centaur zombie (D:9)
  A bullfrog zombie (D:5)
  A centaur skeleton (D:6)
  A hound (D:6)
  5 orc priests
  3 jellies
  3 iguanas
  5 orc wizards
  A scorpion zombie (D:5)
  A hound zombie (D:3)
  A howler monkey zombie (D:5)
  8 adders
  3 gnolls (D:9)
  A howler monkey skeleton (D:7)
  A shadow imp (D:6)
  A white imp (D:8)
  3 worms
  A dart slug (D:2)
  19 orcs
  6 endoplasms
  2 giant cockroaches
  2 goblins
  8 hobgoblins
  5 jackals
  10 kobolds
  3 quokkas
  8 ball pythons
  7 bats
  A frilled lizard (D:2)
  5 rats
165 creatures vanquished.

Vanquished Creatures (collateral kills)
  An acid dragon (D:5)
1 creature vanquished.

Vanquished Creatures (others)
  2 orc wizards
2 creatures vanquished.

Grand Total: 168 creatures vanquished

Notes
Turn   | Place    | Note
-------+----------+-------------------------------------------
     0 | D:1      | boopmooplesden the Minotaur Fighter began the quest for the
                  | Orb.
     0 | D:1      | Reached XP level 1. HP: 19/19 MP: 0/0
   399 | D:1      | Reached XP level 2. HP: 26/27 MP: 1/1
   701 | D:1      | Found a faded altar of an unknown god.
   909 | D:2      | Reached skill level 3 in Long Blades
   909 | D:2      | Reached XP level 3. HP: 29/33 MP: 2/2
  1611 | D:3      | Reached XP level 4. HP: 23/40 MP: 3/3
  2350 | D:4      | Found Guryd's Antique Armour Boutique.
  2430 | D:4      | Reached XP level 5. HP: 42/46 MP: 4/4
  2576 | D:4      | Reached skill level 4 in Long Blades
  2587 | D:4      | Gained mutation: You have sharp toenails. [potion of
                  | mutation]
  2587 | D:4      | Gained mutation: Your body sometimes deteriorates upon
                  | taking damage. [potion of mutation]
  2590 | D:4      | Reached skill level 1 in Dodging
  2825 | D:4      | Found Qossozox's Book Emporium.
  2841 | D:4      | Noticed an ogre
  2847 | D:4      | Killed an ogre
  2848 | D:4      | Reached skill level 5 in Armour
  2848 | D:4      | Reached skill level 5 in Shields
  2848 | D:4      | Reached XP level 6. HP: 47/53 MP: 5/5
  2851 | D:4      | You fall into a shaft and drop 1 floor!
  2851 | D:5      | Entered Level 5 of the Dungeon
  2851 | D:5      | Noticed an acid dragon
  2866 | D:5      | Killed an acid dragon
  2867 | D:5      | Reached skill level 5 in Long Blades
  3257 | D:5      | Reached XP level 7. HP: 58/60 MP: 6/6
  3290 | D:5      | Noticed Menkaure
  3296 | D:5      | Killed Menkaure
  3297 | D:5      | Reached skill level 6 in Long Blades
  3693 | D:5      | Found a sparkling altar of Nemelex Xobeh.
  4207 | D:5      | Found an iron altar of Okawaru.
  4334 | D:5      | Became a worshipper of Warmaster Okawaru
  4524 | D:4      | Found Muziolew's Jewellery Shoppe.
  4642 | D:4      | Found Oggys's Distillery.
  4680 | D:4      | Found Biagotha's Antique Weapon Emporium.
  4946 | D:6      | Reached skill level 5 in Fighting
  4946 | D:6      | Reached XP level 8. HP: 68/68 MP: 7/7
  4972 | D:4      | Bought a pair of steaming boots for 190 gold pieces
  4972 | D:4      | Identified the +2 pair of boots of the Seven of Swords
                  | {Str+3} (You bought it in a shop on level 4 of the Dungeon)
  5058 | D:6      | Reached * piety under Okawaru
  5135 | D:6      | Reached skill level 7 in Long Blades
  5319 | D:6      | Found a staircase to the Ecumenical Temple.
  5473 | D:6      | Found a shadowy altar of Dithmenos.
  5532 | D:6      | Identified a scroll of acquirement
  5532 | D:6      | Acquired the amulet of the Will of the Gods {Faith rC++
                  | Str+4 Dex-2 Stlth+}
  5631 | D:7      | Identified the +1 robe "Ejelan" {Will+ Regen+ Dex-4}
  5902 | D:7      | Reached skill level 8 in Long Blades
  6632 | D:8      | Reached XP level 9. HP: 52/68 MP: 8/8
  6635 | D:8      | Reached ** piety under Okawaru
  6757 | D:8      | Found an ornate altar of the Wu Jian Council.
  6864 | D:8      | Reached skill level 9 in Long Blades
  7200 | D:8      | Identified the amulet of Temperance {Faith rCorr}
  7249 | D:8      | Found a shimmering blue altar of Sif Muna.
  7264 | D:8      | Noticed a komodo dragon
  7271 | D:8      | Killed a komodo dragon
  7475 | D:8      | Found a shimmering altar of Xom.
  7483 | D:8      | Found a white marble altar of Elyvilon.
  8138 | D:9      | Reached *** piety under Okawaru
  8155 | D:9      | Reached skill level 10 in Long Blades
  8482 | D:9      | Found a staircase to the Orcish Mines.
  8491 | D:9      | Noticed a two-headed ogre
  8502 | D:9      | Killed a two-headed ogre
  8502 | D:9      | Reached **** piety under Okawaru
  8502 | D:9      | Received a gift from Okawaru
  8503 | D:9      | Reached skill level 1 in Throwing
  8503 | D:9      | Reached skill level 1 in Stealth
  8503 | D:9      | Reached XP level 10. HP: 37/84 MP: 9/9
  8779 | D:9      | Reached skill level 10 in Armour
  9370 | D:9      | Reached skill level 11 in Long Blades
  9440 | D:10     | Entered Level 10 of the Dungeon
  9453 | D:10     | Found an opulent altar of Gozag.
  9690 | D:4      | Bought a pair of embroidered gloves for 150 gold pieces
  9782 | D:10     | Noticed a gargoyle
  9783 | D:10     | Noticed a gargoyle
  9784 | D:10     | Noticed an orange demon
  9797 | D:10     | Killed a gargoyle
  9810 | D:10     | Reached ***** piety under Okawaru
  9831 | D:10     | Killed from afar by a gargoyle

Illustrated notes

Levels and vault maps discovered:
D:1:      erik_arrival_cave_to_civilisation [erik_arrival_cave_to_hall],
          layout_basic, hellmonk_ecumenical_altar_crossroads,
          minmay_heptomino_d4
D:2:      layout_basic
D:3:      minmay_bubble_buster, layout_loops_ring
D:4:      layout_rooms, serial_shops, nicolae_inconvenience_store,
          kennysheep_mini, nicolae_stop_n_shop_1, nicolae_stop_n_shop_2, shop,
          corexii_hall_statues_x
D:5:      layout_cave_pools, okawaru_metal_pillars_3,
          nemelex_spade_bored_becter, serial_rivers,
          chequers_serial_rivers_room_b, chequers_serial_rivers_large_b,
          chequers_serial_rivers_small_3, chequers_serial_rivers_room_a,
          chequers_serial_rivers_micro_b, chequers_avenue, uniq_menkaure
D:6:      layout_rooms, overflow_temple_1_default,
          minmay_temple_entry_statues_pillars
D:7:      layout_cave_pods, kennysheep_generic_room_3
D:8:      layout_layer_cave, marbit_many_paths, minitemple,
          nicolae_overflow_crystal_walls
D:9:      layout_cave_pools, orc_0_dummy, nrook_campfire,
          david_defended_altar_orc
D:10:     layout_roguey, mainiacjoe_overflow_boulevard,
          nicolae_hepliaklqana_hippocampus, due_lair_maze_entry_diamond,
          serial_bayou_pond_b, uniq_fannar

Skill      XL: |  1  2  3  4  5  6  7  8  9 10 |
---------------+-------------------------------+-----
Armour         | 4 5 6 8 9 10 | 10.2
Shields        | 4 5 6 8 9 |  9.2
Fighting       | 4 5 6 7 |  7.0
Long Blades    | 3 4 5 6 8 10 11 | 11.2
Dodging        | 1 2 3 4 |  4.6
Throwing       | 1 2 |  2.0
Stealth        | 1 |  1.9
Invocations    | |  0.2

Action                   |  1- 3 |  4- 6 |  7- 9 | 10-12 || total
-------------------------+-------+-------+-------+-------++-------
Melee: Long sword        |    92 |   140 |   236 |    84 ||   552
       Headbutt          |    16 |    22 |    52 |    20 ||   110
       Kick              |       |    10 |    18 |       ||    28
Throw: Boomerang         |       |     2 |     7 |     8 ||    17
Invok: Heroism           |       |       |     1 |     2 ||     3
  Use: Scroll            |     4 |     3 |     9 |     6 ||    22
       Potion            |       |     3 |     2 |     1 ||     6
Armor: Scale mail        |    55 |    60 |    53 |    19 ||   187
Dodge: Dodged            |    25 |    64 |   120 |    44 ||   253
Block: Kite shield       |    49 |    75 |   133 |    48 ||   305
       Rpst.: Long sword |     9 |    14 |    21 |     6 ||    50
